[Event "New York Spring IM-C 2022"]
[Site "New York"]
[Date "2022.04.16"]
[Round "3.3"]
[White "Dolgitser, Konstantin"]
[Black "Singh, Hersh"]
[Result "1/2-1/2"]
[ECO "D38"]
[WhiteElo "2199"]
[BlackElo "2084"]
[Annotator "TA"]
[PlyCount "150"]
[EventDate "2022.04.14"]
[EventType "tourn"]
[EventCountry "USA"]
[SourceTitle "playchess.com"]
[Source "ChessBase"]
[SourceQuality "1"]
[TimeControl "5400+30"]

1. d4 Nf6 2. Nf3 d5 3. c4 e6 4. Nc3 Bb4 5. cxd5 exd5 6. Bg5 h6 7. Bh4 Nbd7 {[%emt 0:02:13] 7...Bf5 is setting a new trend. D38: Queen's Gambit Declined: Ragozin Defence (4 Nf3 Bb4).} 8. e3 g5 9. Bg3 Ne4 $1 10. Qb3 c5 11. dxc5 Qa5 (11... Bxc3+ $5 12. bxc3 Ndxc5 $11) 12. a3 $1 Bxc3+ 13. bxc3 {[%emt 0:00:07] [#]} Ndxc5 $146 ({Predecessor:} 13... O-O 14. Qb4 Qxc5 15. Qxc5 Ndxc5 16. Nd4 Bd7 17. c4 dxc4 18. Bxc4 Rac8 19. O-O Nd2 {½-½ (30) Ganguly,S (2648)-Yu,Y (2736) Doha 2015}) 14. Qb4 Qd8 15. Bb5+ Bd7 16. Ne5 O-O 17. Nxd7 Nxd7 {[%emt 0:00:52] Pair of Knights!} 18. O-O Ndc5 19. Be5 a5 20. Qb2 {[%emt 0:02:53] aiming for Rad1.} Nd6 (20... Rc8 $14) 21. Rfd1 Nxb5 22. Qxb5 Re8 23. Bd4 {[%emt 0:02:22] 0x0.00138d2c057ddp-1022s more active pieces.} Ne4 (23... Ne6 $16 24. Qxb7 Nxd4 25. Rxd4 Qc8 26. Qxd5 Qxc3) 24. f3 $36 {[%emt 0:05:07][%mdl 2048] White is really pushing.} ({Don't take} 24. Qxb7 $6 Rb8 25. Qc6 Re6 $16) 24... Nf6 25. Qxb7 Rb8 (25... Qd6 $16 26. Qb5 a4) 26. Qa6 Re6 27. Qe2 Nd7 28. c4 dxc4 29. Qxc4 Rc8 30. Qb5 Rec6 31. Ra2 Rc1 (31... Qc7 $16 {was called for.} 32. Qf5 Nf8) 32. Rad2 Qc7 33. Bb2 Rxd1+ 34. Rxd1 Rb8 35. Rxd7 Rxb5 $16 36. Rxc7 Rxb2 {[%emt 0:00:01][%mdl 4096] Endgame KR-KR} 37. Rc5 Rb3 38. Rxa5 {[%emt 0:00:06] Strongly threatening Kf2.} Rxe3 39. Kf2 Rb3 40. a4 (40. g4 $16) 40... Ra3 {[%emt 0:00:02] [#]} (40... Rb2+ $11 {remains equal.} 41. Kg3 Ra2) 41. Kg3 (41. g4 $1 $16) 41... Ra2 $11 42. Ra6 Kg7 43. Ra5 (43. a5 $11) 43... Kg8 $16 {[%emt 0:00:58] [#]} 44. Ra6 ({Better is} 44. f4 $1 $16 ) 44... Kg7 $11 45. Ra8 h5 46. h4 gxh4+ 47. Kxh4 Rxg2 48. Kxh5 Kf6 49. Ra5 Rg3 50. f4 Ra3 51. Kg4 Kg6 52. Rg5+ Kf6 ({Black should try} 52... Kh6 $14) 53. a5 Ra1 54. Rb5 Kg7 $2 (54... Ra4 $16 55. Rb6+ Kg7) 55. Kf5 $18 Re1 56. Re5 (56. Rb6 $142 Ra1 57. a6) 56... Ra1 57. Rd5 Re1 58. Rc5 (58. Rb5 $142 Re2 59. Rc5) 58... Re2 59. a6 Ra2 60. Rc6 {[%emt 0:00:07] Black must now prevent Ke5.} Ra5+ 61. Ke4 {[%emt 0:00:07] Hoping for Kd4.} f6 62. Rc7+ $2 (62. Kd3 $18 {Kc4 is the strong threat.} Ra4 63. Kc3 Rxf4 64. Kb3) 62... Kh6 $11 {[%emt 0:00:42] The position is equal.} 63. a7 f5+ 64. Ke3 Ra4 65. Kd3 Kh5 66. Kc3 Kg4 67. Kb3 Ra1 68. Rh7 Ra6 69. Kb4 Ra2 70. Kb5 Ra1 71. Rc7 Ra2 72. Kb6 Kxf4 73. Rc5 {[%emt 0:00:31] White threatens Ra5 and mate.} Rxa7 $1 74. Kxa7 Ke4 75. Rc8 f4 {[%emt 0:08:27] Black defended with fortune.  Weighted Error Value: White=0.28 (precise) /Black=0.17 (very precise)} 1/2-1/2

[Event "New York Spring IM-C 2022"]
[Site "New York"]
[Date "2022.04.16"]
[Round "3.4"]
[White "Antova, Gabriela"]
[Black "Ngo, Bach"]
[Result "1/2-1/2"]
[ECO "D24"]
[WhiteElo "2304"]
[BlackElo "2306"]
[Annotator "TA"]
[PlyCount "53"]
[EventDate "2022.04.14"]
[EventType "tourn"]
[EventCountry "USA"]
[SourceTitle "playchess.com"]
[Source "ChessBase"]
[SourceQuality "1"]
[TimeControl "5400+30"]

1. d4 Nf6 2. c4 e6 3. Nf3 d5 4. Nc3 dxc4 5. e4 Bb4 6. Bxc4 {[%emt 0:00:08] D24: Queen's Gambit Accepted: 3 Nf3 Nf6 4 Nc3.} Nxe4 7. O-O Nxc3 8. bxc3 (8. Qb3 Nd5 9. Bxd5 Qxd5 $17) 8... Be7 9. Qe2 O-O 10. Rd1 Nd7 11. Rd3 c5 {[%emt 0:00:09] [#]} 12. Bf4 $146 {[%emt 0:00:29] Prevents Qc7.} ({Predecessor:} 12. d5 e5 13. Nxe5 Nxe5 14. Qxe5 Bd6 15. Qh5 Re8 16. Re3 Bd7 17. Bd3 g6 18. Qf3 {½-½ (34) Tomashevsky,E (2702)-Inarkiev,E (2693) Konya 2019}) 12... cxd4 13. Nxd4 e5 (13... Qb6 $1 $11) 14. Nf5 $1 $16 ({Don't play} 14. Bxe5 Nxe5 15. Qxe5 Bf6 $11) 14... Bf6 {[%emt 0:03:19] [#]} 15. Bc1 {[%emt 0:06:30] &Bianco is much more active. The black rooks are badly placed.} (15. Bh6 $1 $16 {[%cal Of5g7] And now Nxg7! would win.} gxh6 (15... Kh8 16. Rad1) 16. Nxh6+ Kh8 17. Qh5 (17. Nxf7+ Rxf7 18. Bxf7 Qe7 $17)) 15... e4 $1 $11 16. Qxe4 {[%emt 0:09:10] aiming for Rh3.} Qe8 $1 17. Nd6 Qxe4 18. Nxe4 {[%emt 0:00:03] Threatens to win with Ba3.} Be7 {[%emt 0:00:54] Against Ba3} 19. Bf4 {[%emt 0:04:09] Inhibits Ne5.} Nb6 20. Bb3 Bf5 21. Re3 Bxe4 22. Rxe4 Bf6 23. Rc1 Rac8 {[%emt 0:00:12] The position is equal.} 24. c4 Nd7 25. Bd6 Nc5 26. Bxc5 Rxc5 27. Rd1 {[%emt 0:00:11] Weighted Error Value: White=0.08 (flawless) /Black=0.10 (very precise)} 1/2-1/2

[Event "New York Spring IM-C 2022"]
[Site "New York"]
[Date "2022.04.16"]
[Round "3.5"]
[White "Jakovljevic, Vlado"]
[Black "Umayan, Vincent"]
[Result "1-0"]
[ECO "B39"]
[WhiteElo "2352"]
[BlackElo "2043"]
[Annotator "TA"]
[PlyCount "71"]
[EventDate "2022.04.14"]
[EventType "tourn"]
[EventCountry "USA"]
[SourceTitle "playchess.com"]
[Source "ChessBase"]
[SourceQuality "1"]
[TimeControl "5400+30"]

1. Nf3 Nf6 2. c4 c5 3. Nc3 Nc6 4. d4 cxd4 5. Nxd4 g6 6. e4 Bg7 7. Be3 Ng4 8. Qxg4 Nxd4 9. Qd1 e5 10. Bd3 d6 11. O-O O-O 12. Ne2 Be6 {[%emt 0:05:12] B39: Sicilian: Maroczy Bind with 5...Bg7 and 7...Ng4.} 13. Qd2 Qd7 14. Nxd4 exd4 {[%emt 0:01:08] [#] White is better.} 15. Bh6 {[%emt 0:00:02] [#]} Bh8 $146 (15... Bxh6 $16 16. Qxh6 a6) ({Predecessor:} 15... Bxh6 16. Qxh6 a6 17. Qd2 b5 18. cxb5 axb5 19. a3 Rfc8 20. f4 f5 21. exf5 Bxf5 {1-0 (42) Schmidt,G (2363)-Juergens,K (2183) Austria 2005}) 16. Bxf8 $18 Rxf8 17. f4 Rc8 (17... Qe7 $142 18. b3 Bf6) 18. b3 {[%emt 0:02:12] Hoping for f5.} Qd8 19. Qf2 {[%emt 0:01:42] Black must now prevent f5.} Bd7 20. Rae1 Bg7 21. Kh1 a5 22. e5 dxe5 23. fxe5 Be6 24. Re4 Qg5 (24... a4 $16 25. bxa4 (25. Rxd4 Qc7 $16) 25... Qa5) 25. Qxd4 Rd8 26. Qe3 Qe7 27. Rd4 Ra8 28. Be2 a4 29. Bg4 axb3 30. axb3 Bxg4 31. Rxg4 Bxe5 32. Re4 f6 {[%emt 0:00:30] [#]} 33. Rd4 $1 {[%mdl 512] Against Qd7} Qc7 (33... Re8 $142 34. Rd5 Qe6) (33... Qe6 34. Rd5) 34. Rd5 Rf8 35. g3 (35. Rfd1 $142 {Rd7 is the strong threat.} Ra8 36. Qh3) 35... Qc8 {[%emt 0:00:30] Prevents Rd7.} 36. Qf3 {Weighted Error Value: White=0.15 (very precise) /Black=0.27 (precise)} 1-0

[Event "New York Spring IM-C 2022"]
[Site "New York"]
[Date "2022.04.16"]
[Round "4.1"]
[White "Lee, Justin"]
[Black "Umayan, Vincent"]
[Result "1/2-1/2"]
[ECO "E20"]
[WhiteElo "2104"]
[BlackElo "2043"]
[Annotator "TA"]
[PlyCount "62"]
[EventDate "2022.04.14"]
[EventType "tourn"]
[EventCountry "USA"]
[SourceTitle "playchess.com"]
[Source "ChessBase"]
[SourceQuality "1"]
[TimeControl "5400+30"]

1. d4 Nf6 2. c4 e6 3. Nc3 Bb4 4. f3 c5 5. d5 d6 6. e4 O-O 7. Nge2 exd5 8. cxd5 Nbd7 {[%emt 0:01:09][%cal Bb8d7,Bd7e5,Be5g6,Bg6f8,Bf8h7][%mdl 32] E20: Nimzo-Indian: 4 g3 and 4 f3.} 9. Ng3 {[%emt 0:01:26] Inhibits Nh5.} Re8 10. Be2 Ne5 {[%emt 0:05:20] White is slightly better.} 11. O-O Bd7 12. f4 Ng6 13. f5 Nf8 14. Bg5 {[%emt 0:04:14] [#] Threatens to win with Nh5.} h6 {[%emt 0:01:54] [#]} 15. Bh4 $146 ({Predecessor:} 15. Bf4 Qc7 16. Qd3 N8h7 17. Kh1 Ng5 18. h4 c4 19. Qc2 Ngh7 20. a3 Bc5 21. Nh5 Nxh5 22. Bxh5 {0-1 (36) Van Schyndel,A (1956)-Weseman,G (1987) ICCF email 2009}) 15... N8h7 16. Qc1 c4 17. Bxc4 Rc8 18. Be2 Qb6+ 19. Kh1 Bxc3 (19... Qd4 {looks sharper.} 20. Bxf6 Nxf6 21. Qf4 Qe5) 20. bxc3 Nxe4 21. Nxe4 Rxe4 22. Bf2 Qa5 23. Bd3 {[%emt 0:03:29] A strong pair of Bishops.} Re5 24. Bd4 Qxd5 25. Bxe5 dxe5 26. Qc2 Nf6 {[%emt 0:00:00][%mdl 1024] Black has compensation.} 27. Rfe1 {[%emt 0:06:29] Against e4} Bc6 28. Rad1 Qc5 {[%emt 0:00:00] [#] White must now prevent ...Ng4.} 29. Qe2 {[%emt 0:02:02] Against Ng4} e4 30. Bc4 Qxf5 31. Rf1 Qg5 {[%emt 0:06:00] Weighted Error Value: White=0.07 (flawless) /Black=0.02 (flawless)} 1/2-1/2

[Event "New York Spring IM-C 2022"]
[Site "New York"]
[Date "2022.04.16"]
[Round "4.2"]
[White "Ngo, Bach"]
[Black "Jakovljevic, Vlado"]
[Result "1/2-1/2"]
[ECO "D45"]
[WhiteElo "2306"]
[BlackElo "2352"]
[Annotator "TA"]
[PlyCount "177"]
[EventDate "2022.04.14"]
[EventType "tourn"]
[EventCountry "USA"]
[SourceTitle "playchess.com"]
[Source "ChessBase"]
[SourceQuality "1"]
[TimeControl "5400+30"]

1. d4 d5 2. Nf3 Nf6 3. c4 e6 4. Nc3 c6 5. e3 Nbd7 6. Qc2 Bd6 7. b3 O-O 8. Be2 b6 9. O-O Bb7 10. Bb2 Qe7 11. Rad1 Rad8 12. Rfe1 Rfe8 13. g3 Bb4 14. a3 Bxc3 15. Qxc3 c5 16. Nd2 Rc8 17. Bf3 Red8 18. Rc1 Ba6 19. Red1 cxd4 20. exd4 dxc4 21. bxc4 Bxc4 22. Nxc4 b5 23. Qb3 bxc4 24. Rxc4 Rxc4 25. Qxc4 Nb6 26. Qc5 Qd7 27. Bc6 Qc7 28. Rc1 Rc8 29. a4 Qd8 30. Qe5 Nbd5 31. Bb5 h6 32. Qe1 Rc7 33. Ba3 Qc8 34. Rxc7 Qxc7 35. Qe5 Qc2 36. Qe2 $1 ({Much weaker is} 36. Qb8+ Kh7 37. Bf1 (37. Qxa7 $2 Ng4 $19) 37... Ne4 $17) 36... Qxe2 37. Bxe2 Nc3 38. Bb5 Nxb5 39. axb5 Nd5 40. Bc5 Nc3 41. Bxa7 Nxb5 42. Bc5 f5 43. f3 h5 44. Kf2 Kf7 45. Ke3 Nc7 46. Bd6 Nd5+ 47. Kd3 g6 48. Be5 Ke7 49. h3 Kd7 50. h4 Kc6 51. Bb8 Ne7 52. Kc4 Nd5 53. Kd3 Kd7 54. Be5 Ke7 55. Kc4 Kf7 56. Kd3 Kf8 57. Kc4 Kg8 58. Kd3 Kh7 59. Kc4 Kg8 60. Kd3 Kf7 61. Kc4 (61. Bf4 $5) 61... Ke7 62. Kd3 Nb4+ 63. Ke3 Nc6 64. Kf4 Kf7 65. Ke3 Ne7 66. Kd3 Ke8 67. Bd6 Nc6 68. Ke3 Nd8 69. Be5 Nf7 70. Bf6 Nd6 71. Be5 Nb5 72. Kd3 Kd7 73. Ke3 Nc3 74. Kf4 Ke7 75. g4 fxg4 76. fxg4 hxg4 77. Kxg4 Kf7 78. Kf3 Nd5 79. Kg4 Ne3+ 80. Kg5 Nd5 81. Kg4 Ne7 82. h5 gxh5+ 83. Kxh5 Nd5 84. Kg5 Ke7 85. Kg6 Kd7 86. Kf7 Nb4 87. Kf6 Nc6 88. Kf7 Nb4 89. Kf6 1/2-1/2

[Event "New York Spring IM-C 2022"]
[Site "New York"]
[Date "2022.04.16"]
[Round "4.3"]
[White "Singh, Hersh"]
[Black "Antova, Gabriela"]
[Result "1/2-1/2"]
[ECO "A07"]
[WhiteElo "2084"]
[BlackElo "2304"]
[Annotator "TA"]
[PlyCount "125"]
[EventDate "2022.04.14"]
[EventType "tourn"]
[EventCountry "USA"]
[SourceTitle "playchess.com"]
[Source "ChessBase"]
[SourceQuality "1"]
[TimeControl "5400+30"]

1. Nf3 d5 2. g3 Bg4 3. Bg2 Nd7 4. d4 e6 5. h3 Bh5 6. O-O {[%emt 0:00:55][%cal Oc2c4] A07: Réti Opening: New York and Capablanca Systems.} Ngf6 7. c4 c6 8. cxd5 exd5 9. Nh4 {[%emt 0:01:49] Recently 9.Ne5 got a lot of attention.} Ne4 10. Nc3 Nd6 11. Bf4 Be7 12. Bxd6 Bxd6 13. Nf5 Qf6 14. g4 {[%emt 0:05:33] [#] e4 is the strong threat.} Bg6 15. e4 Bxf5 16. e5 {[%emt 0:08:49] [#]} Nxe5 $146 ({Predecessor:} 16... Qh4 17. exd6 Be6 18. f4 Nb6 19. f5 Bd7 20. Na4 O-O 21. Nc5 Bc8 22. b3 Qf6 {1-0 (41) Blomqvist,E (2548)-Wallace,J (2404) Fagernes 2017}) 17. dxe5 Bxe5 ({Resist} 17... Qxe5 18. Re1 Be4 19. Nxe4 Qh2+ 20. Kf1 dxe4 21. Rxe4+ Kf8 22. Qb3 $16) 18. gxf5 Qxf5 19. Nxd5 cxd5 $11 20. Qxd5 {[%emt 0:00:07] [#] Strongly threatening Rfe1.} Rd8 $1 $40 {[%emt 0:03:30][%mdl 128] Black has some attack.} 21. Qb5+ Kf8 {[%emt 0:00:38][%cal Oe5h2] White must now prevent ...Bh2+!} 22. Qxb7 g6 23. Rad1 Kg7 24. b3 Qf4 25. Rfe1 Bc3 26. Rf1 Rhe8 {[%emt 0:06:01] Threatens to win with ...Be5.} 27. Qf3 Qe5 28. Qc6 ({Better is} 28. Rxd8 $15 Rxd8 29. Rd1) 28... Bd4 29. Qf3 Rd6 30. Rd2 Rf6 (30... Ree6 $17 31. Kh1 Qa5) 31. Qd5 $15 Qxd5 32. Bxd5 Bb6 33. Bg2 Re5 34. Rc1 h5 35. a4 (35. Rcc2 $11 {remains equal.}) 35... a5 $17 36. Kf1 Ref5 (36... Re3 $1 $17 37. Bd5 Rxh3) 37. Rcc2 $11 g5 38. Be4 Rf4 39. Bd5 Be3 40. Re2 Bb6 41. Red2 R6f5 42. Bb7 Rb4 43. Rd5 Rxd5 44. Bxd5 {[%emt 0:00:02][%mdl 4096] Endgame KRB-KRB} Rd4 45. Bc4 Rf4 46. Kg2 Bd4 47. Re2 Kf6 48. f3 Bc5 49. Rd2 Rd4 50. Rxd4 Bxd4 {[%emt 0:00:01] KB-KB} 51. f4 gxf4 52. Kf3 Be3 53. Bd5 Kg6 54. Be4+ Kg5 55. Bd3 Bc1 56. Bc4 f6 57. Bd3 Kh4 58. Bf1 Bd2 59. Bg2 Kg5 60. Bf1 Kf5 61. Bd3+ {[%emt 0:00:02] The position is equal.} Ke5 62. Bg6 h4 63. Bf7 {[%emt 0:00:06] Weighted Error Value: White=0.09 (flawless) /Black=0.11 (very precise)} 1/2-1/2

[Event "New York Spring IM-C 2022"]
[Site "New York"]
[Date "2022.04.16"]
[Round "4.4"]
[White "Berczes, David"]
[Black "Dolgitser, Konstantin"]
[Result "1/2-1/2"]
[ECO "D11"]
[WhiteElo "2452"]
[BlackElo "2199"]
[Annotator "TA"]
[PlyCount "56"]
[EventDate "2022.04.14"]
[EventType "tourn"]
[EventCountry "USA"]
[SourceTitle "playchess.com"]
[Source "ChessBase"]
[SourceQuality "1"]
[TimeControl "5400+30"]

1. d4 d5 2. c4 c6 3. Nf3 Nf6 4. g3 Bf5 5. Nc3 e6 6. Nh4 {[%emt 0:01:40] D11: Slav Defence: 3 Nf3 sidelines and 3...Nf6 4 e3 Bg4.} dxc4 7. Nxf5 exf5 8. e3 {[%emt 0:02:11] The position is equal.} Nbd7 9. Qc2 g6 $1 10. Bxc4 {[%emt 0:00:05] And now Qb3 would win.} Nb6 11. Bb3 {[%emt 0:15:23] [#]} Bg7 $146 ({Predecessor:} 11... h5 12. Bd2 a5 13. O-O-O Bg7 14. f3 O-O 15. h3 a4 16. Nxa4 Nxa4 17. g4 b5 18. gxf5 {0-1 (38) Gasic Merino,F (2204)-Salinas Herrera,P (2513) Arica 2021}) 12. O-O O-O 13. f3 Qe7 14. e4 fxe4 15. fxe4 c5 16. e5 {[%emt 0:00:40] aiming for Bg5.} Nfd7 17. Ne4 cxd4 18. Ng5 (18. Bg5 $11 {remains equal.} Qxe5 19. Rae1) 18... Nxe5 $17 {[%emt 0:01:42] White must now prevent ...d3.} 19. Bf4 (19. Qe4 $17 Qd7 20. Bd2 (20. Qh4 $2 h5 $19)) 19... d3 $1 $19 20. Qd2 h6 (20... Nbc4 $1 $19 21. Qg2 Rae8) 21. Bxe5 $17 Qxg5 ({Don't do} 21... Bxe5 22. Nxf7 Bg7 23. Qxd3 $16) (21... Qxe5 $17 22. Nxf7 Qd4+ 23. Kh1 Nc4) 22. Bf4 $2 (22. Qxg5 $11 {and White stays safe.} hxg5 23. Bd6) 22... Qc5+ $19 23. Kg2 Qc6+ 24. Rf3 g5 25. Rc1 Qe4 {[%emt 0:00:39] Strongly threatening ...g4.} 26. Re1 Qc6 ({Black should try} 26... Qg6 $1 $17 27. Be5 Rad8 28. Bxg7 Kxg7) 27. Rc1 $15 Qe4 (27... Qg6 $15 {feels stronger.} 28. Bc7 Rac8 29. Qxd3 Qxd3 30. Rxd3 Be5 $1 31. Bxe5 Rxc1) 28. Re1 $1 $17 {[%emt 0:01:01] [#]} Qd4 {[%emt 0:01:30] Weighted Error Value: White=0.24 (precise) /Black=0.21 (precise)} (28... Qg6 $1 $17 29. Be5 Rad8 30. Bxg7 Kxg7) 1/2-1/2

[Event "New York Spring IM-C 2022"]
[Site "New York"]
[Date "2022.04.16"]
[Round "4.5"]
[White "Rozman, Levy"]
[Black "Chasin, Nico"]
[Result "1/2-1/2"]
[ECO "A45"]
[WhiteElo "2334"]
[BlackElo "2270"]
[Annotator "TA"]
[PlyCount "102"]
[EventDate "2022.04.14"]
[EventType "tourn"]
[EventCountry "USA"]
[SourceTitle "playchess.com"]
[Source "ChessBase"]
[SourceQuality "1"]
[TimeControl "5400+30"]

1. d4 Nf6 2. Bf4 g6 3. Nc3 d5 4. Nb5 Na6 5. e3 c6 6. Nc3 {[%emt 0:00:13] A45: Trompowsky Attack.} Nc7 7. h3 Bg7 8. Nf3 O-O 9. Bd3 Ne6 10. Be5 Nd7 11. Bxg7 {[%emt 0:08:15] [#]} Nxg7 $146 ({Predecessor:} 11... Kxg7 12. Qd2 Nf6 13. g4 h6 14. O-O-O b5 15. Ne2 c5 16. dxc5 Nxc5 17. Rhg1 Qb6 {½-½ (30) Moroni,L (2530)-Seresin,F (2371) Forni di Sopra 2020}) 12. e4 dxe4 13. Nxe4 e5 14. dxe5 Nxe5 15. Nxe5 {[%emt 0:00:11] [#] aiming for 0-0.} Qa5+ 16. Qd2 Qxe5 17. O-O-O Bf5 18. f4 Qe6 19. Nc3 Rad8 20. Rhe1 Qf6 21. Ne4 Bxe4 22. Rxe4 Ne6 23. Qe3 {[%emt 0:00:44] Prevents Nc5.} b6 24. g4 Nc5 25. Re5 (25. g5 {with more complications.} Qd6 26. Re5 Qd4 27. Be2) 25... Nxd3+ 26. Rxd3 Rxd3 27. cxd3 $11 {[%emt 0:00:06][%mdl 4096] Endgame KQR-KQR} Rd8 28. g5 Qd6 29. h4 Qd4 (29... Qxd3 $2 30. Re8+ Rxe8 31. Qxd3 $18) 30. Kc2 Qxe3 31. Rxe3 {[%emt 0:00:06] KR-KR} Kf8 32. Kc3 c5 33. a4 Rd6 34. Re4 f5 35. gxf6 Rxf6 36. Kc4 Rd6 37. d4 cxd4 38. Rxd4 Rc6+ 39. Kd5 Rc2 40. Ke6 Rc6+ 41. Kd5 Rc2 42. b4 Ke7 43. Rc4 Rd2+ 44. Kc6 {[%emt 0:00:30] [#] Hoping for Kb7.} Ke6 45. Kb7 Rd7+ 46. Rc7 {[%emt 0:00:28] And now Rxd7 would win.} Rd4 47. a5 bxa5 ({Don't do} 47... Rxb4 48. a6 Rxf4 49. Kxa7 Rxh4 50. Kxb6 $16) 48. bxa5 h5 49. Rc6+ Kf7 $2 (49... Kf5 $11) 50. Rc7+ $2 (50. Kxa7 $18 Rxf4 51. a6 Rxh4 52. Kb7 Rb4+ 53. Rb6) 50... Kf6 51. Rc6+ $2 (51. Kxa7 $11 Rxf4 52. Rc6+ Kf5 53. Rc5+ Kf6 54. Kb6 Rxh4 55. Rc6+ Kg5 56. Kb5) 51... Kf7 {[%emt 0:01:01][%mdl 32768] Weighted Error Value: White=0.11 (very precise) /Black=0.02 (flawless) . An unexpected result.} 1/2-1/2

[Event "New York Spring IM-C 2022"]
[Site "New York"]
[Date "2022.04.17"]
[Round "5.1"]
[White "Chasin, Nico"]
[Black "Lee, Justin"]
[Result "1-0"]
[ECO "D66"]
[WhiteElo "2270"]
[BlackElo "2104"]
[Annotator "TA"]
[PlyCount "117"]
[EventDate "2022.04.14"]
[EventType "tourn"]
[EventCountry "USA"]
[SourceTitle "playchess.com"]
[Source "ChessBase"]
[SourceQuality "1"]
[TimeControl "5400+30"]

1. d4 d5 2. c4 c6 3. Nf3 Nf6 4. Nc3 e6 5. Bg5 Be7 6. e3 O-O 7. Bd3 Nbd7 8. O-O h6 9. Bh4 dxc4 10. Bxc4 b5 11. Bd3 Bb7 12. Rc1 a6 13. a4 b4 14. Bxf6 Bxf6 15. Ne4 Be7 16. Qe2 {[%emt 0:01:53] D66: Queen's Gambit Declined: Classical: Main Line (7 Rc1 c6 8 Bd3).} Qa5 17. Nfd2 e5 {[%emt 0:10:55] [#]} (17... c5 $11 {keeps the balance.}) 18. Qh5 (18. Ng3 $142 $1 ) 18... Qc7 $16 {[%emt 0:03:36] [#]} 19. Nf3 $146 {[%emt 0:05:16][%cal Rd4e5] Pair of Knights!} ({Predecessor:} 19. Qf5 g6 20. Qh3 Kg7 21. Nb3 Rad8 22. Qg3 Qb8 23. Rfd1 f5 24. Nec5 Nxc5 25. Nxc5 Bxc5 26. dxc5 {½-½ (76) Dominguez Bujeda,J (2075)-Delgado Crespo,M (2300) Spain 2006}) 19... Rad8 20. dxe5 {[%emt 0:06:33] Threatens to win with Ng3. &Bianco is much more active.} c5 21. Qf5 {[%emt 0:02:52][%cal Oe4c5] And now Nxc5! would win.} g6 22. Qf4 Kg7 23. Rfd1 Nb6 24. b3 $36 {[%emt 0:05:22][%cal Of3d4][%mdl 2048] Black is under strong pressure.} c4 (24... Nd5 $142 25. Qg4 Qb6) 25. Nd4 ({Inferior is} 25. bxc4 Nxa4 26. Nf6 Bxf3 27. gxf3 Nb2 $11) 25... c3 26. Qg3 ({Better is} 26. Nf6 $18 {[%cal Od3g6] Hoping for Bxg6!} Rxd4 27. Qxd4 (27. exd4 Nd5 $16)) 26... Bc8 27. h4 Rd5 28. f4 h5 29. Be2 Rfd8 (29... a5 $16) 30. Bf3 {[%emt 0:00:57] Dancing on a razor blade.} (30. Bxh5 $1 $18 {has better winning chances. Strongly threatening Bf3.} Rh8 31. Nf6 Bxf6 32. exf6+ Kxf6 33. Bf3) 30... Ra5 $2 {[%emt 0:01:29] A mistake that costs the game.} (30... Rxd4 $16 31. exd4 (31. Rxd4 Rxd4 32. exd4 Qd8 $16) 31... Be6) 31. Ng5 Bxg5 32. Qxg5 {[%emt 0:00:03][%cal Od4f5] aiming for Nf5+!} ({Less strong is} 32. hxg5 Rc5 $16) 32... Nd5 $2 (32... Kh7 33. Rf1 Rc5 34. Bxh5 Rg8) 33. e4 f6 34. exf6+ Nxf6 35. e5 Nh7 {[%emt 0:00:53] [#]} 36. Qxd8 Qxd8 {[%emt 0:00:10] [#]} 37. Nf5+ {[%emt 0:00:02][%mdl 576] Discovered Attack} Bxf5 (37... gxf5 38. Rxd8) 38. Rxd8 Nf8 39. Rd4 Ne6 40. Rxb4 c2 (40... Rc5 $142 41. Be2 c2) 41. Be4 $18 Nxf4 42. Rxc2 Bg4 43. Bf3 (43. Rc7+ $142 Kh6 44. Rb8 Nh3+ 45. gxh3 Bc8 46. Rbxc8 Rxe5 47. Rh8#) 43... Ne6 44. Bxg4 hxg4 45. Rxg4 Rxe5 {[%emt 0:00:04][%mdl 4096] Endgame KRR-KRN} 46. Rc6 a5 47. h5 g5 {[%emt 0:00:09] [#]} 48. Rxe6 $1 Rxe6 49. Rxg5+ {[%emt 0:00:07] KR-KR} Kh7 50. Rxa5 {[%emt 0:00:04] White mates.} Re3 51. Rb5 Kg7 52. a5 Kf7 53. a6 Re1+ 54. Kh2 Ra1 55. Rb6 Ra5 56. g4 Kg7 57. Kg3 Rc5 58. Kh4 Rd5 59. b4 {[%emt 0:00:04] Weighted Error Value: White=0.30/Black=1.09} 1-0